 Dungeon Crawl Stone Soup version 0.31.0-32-g396128a36d (webtiles) character file.

Game seed: 2560288181434689657

75 PaiMei the Grave Robber (level 4, -2/30 HPs)
             Began as a Demonspawn Necromancer on Mar 14, 2024.
             Slain by an ufetubus (4 damage)
             ... on level 3 of the Dungeon.
             The game lasted 00:03:07 (2337 turns).

PaiMei the Grave Robber (Demonspawn Necromancer)    Turns: 2337, Time: 00:03:07

Health: -2/30      AC:  5    Str:  8    XL:     4   Next: 11%
Magic:  4/7        EV: 11    Int: 18    God:
Gold:   139        SH:  0    Dex: 13    Spells: 4/8 levels left

rFire   + . .        l - +4 spear
rCold   . . .        (no shield)
rNeg    . . .        q - +2 leather armour {rF+}
rPois   .            (helmet restricted)
rElec   .            (no cloak)
rCorr   .            (no gloves)
SInv    .            (no boots)
Will    .....        (no amulet)
Stlth   ++           p - ring of wizardry
HPRegen 0.25/turn    (no ring)
MPRegen 0.10/turn

%: wizardry (x1)
@: no status effects
A: antennae 1, powered by pain 1
a: no special abilities


You were on level 3 of the Dungeon.
You visited 1 branch of the dungeon, and saw 3 of its levels.

You collected 139 gold pieces.

Inventory:

Hand Weapons
 l - a +4 spear (weapon)
Missiles
 m - 2 poisoned darts (quivered)
Armour
 a - a +0 robe
 q - a +2 leather armour of fire resistance (worn)
Jewellery
 p - a ring of wizardry (left hand)
Scrolls
 e - 4 scrolls of identify {unknown}
 j - a scroll of vulnerability {unknown}
 k - a scroll of silence {unknown}
 n - 3 scrolls of teleportation {unknown}
Potions
 b - 2 potions of magic
 c - 2 potions of curing {unknown}
 d - a potion of lignification {unknown}
 f - a potion of heal wounds {unknown}
 g - 4 potions of mutation {unknown}
 h - 3 potions of enlightenment {unknown}
 i - a potion of attraction {unknown}
 o - a potion of invisibility {unknown}


   Skills:
 + Level 2.4 Dodging
 + Level 2.6 Stealth
 + Level 2.6 Spellcasting
 + Level 4.9 Necromancy


You had 4 spell levels left.
You knew the following spells:

 Your Spells              Type           Power      Damage    Failure   Level
a - Necrotise             Necr           80%        1d8       1%          1
b - Vampiric Draining     Necr           20%        2d7       4%          3

Your spell library contained the following spells:

 Spells                   Type           Power      Damage    Failure   Level
 Magic Dart               Conj           8%         1d3       11%         1
 Animate Dead             Necr           20%        N/A       13%         4
 Searing Ray              Conj           4%         2d4       16%         2
 Summon Ice Beast         Ice/Summ       2%         N/A       28%         3
 Fulminant Prism          Conj/Alch      1%         3d5       65%         4
 Curse of Agony           Necr           20%        N/A       32%         5
 Summon Mana Viper        Hex/Summ       2%         N/A       93%         5
 Monstrous Menagerie      Summ           1%         N/A       100%        7


Dungeon Overview and Level Annotations

Branches:
Dungeon (3/15)

Altars:


Innate Abilities, Weirdness & Mutations

You have a pair of small antennae on your head.
You sometimes gain a little power by taking damage.


Message History

Casting: Necrotise (safe; 1% risk of failure)
Confirm with . or Enter, or press ? or * to list all spells.
Aiming: Necrotise (safe; 1% risk of failure)
Press: ? - help, Shift-Dir - straight line, f/p - hobgoblin
Aim: a hobgoblin (moderately wounded, chance to affect: 89%)
The hobgoblin writhes in agony.
The ufetubus closely misses you. The ufetubus hits you.
The ufetubus barely misses you. The ufetubus closely misses you.
The ufetubus hits you.
The ufetubus hits you but does no damage. x3
The hobgoblin closely misses you.
Casting: Necrotise (safe; 1% risk of failure)
Confirm with . or Enter, or press ? or * to list all spells.
Aiming: Necrotise (safe; 1% risk of failure)
Press: ? - help, Shift-Dir - straight line, f/p - hobgoblin
Aim: a hobgoblin (heavily wounded, chance to affect: 89%)
The hobgoblin writhes in agony.
The ufetubus barely misses you.
The ufetubus hits you but does no damage. x2
The ufetubus completely misses you.
You miss the ufetubus.
The ufetubus is heavily wounded.
The ufetubus barely misses you.
The ufetubus hits you but does no damage.
The ufetubus barely misses you. The ufetubus hits you.
* * * LOW HITPOINT WARNING * * *
The ufetubus barely misses you. The ufetubus hits you.
* * * LOW HITPOINT WARNING * * *
The ufetubus hits you but does no damage.
The ufetubus completely misses you. The hobgoblin closely misses you.
The hobgoblin hits you.
* * * LOW HITPOINT WARNING * * *
You barely miss the ufetubus.
The ufetubus is heavily wounded.
The ufetubus barely misses you. The ufetubus hits you.
* * * LOW HITPOINT WARNING * * *
The ufetubus misses you. x2; The hobgoblin closely misses you.
The hobgoblin hits you.
* * * LOW HITPOINT WARNING * * *
A hobgoblin comes into view.
The ufetubus hits you.
You die...

#. #.# #.# ##.#
.. #.# #.#
##..#
#.##.#####.#
##.#)##
.#.#....))....#
#.#...#
......%.#######
##<..##
.####.##.....#
##.## #.
#.....# #.# .
#5....# #.# ##
#@g...# #..
,#g5...# ##.
....### .#
.##### .# .g ..
.#. #.#


You could see 2 ufetubi and 3 hobgoblins.

Vanquished Creatures
  An adder (D:2)
  A ribbon worm (D:2)
  2 dart slugs (D:1)
  3 orcs (D:3)
  5 ball pythons (D:1)
  3 endoplasms (D:1)
  A giant cockroach (D:1)
  3 goblins
  2 hobgoblins (D:2)
  7 jackals (D:1)
  4 quokkas
  6 bats
  2 frilled lizards (D:1)
  A kobold (D:2)
  8 rats
49 creatures vanquished.

Vanquished Creatures (collateral kills)
  An endoplasm (D:1)
  A giant cockroach (D:1)
2 creatures vanquished.

Grand Total: 51 creatures vanquished

Notes
Turn   | Place    | Note
-------+----------+-------------------------------------------
     0 | D:1      | PaiMei the Demonspawn Necromancer began the quest for the
                  | Orb.
     0 | D:1      | Reached XP level 1. HP: 13/13 MP: 3/3
   222 | D:1      | Gained mutation: You have a pair of small antennae on your
                  | head. [demonic ancestry]
   222 | D:1      | Reached XP level 2. HP: 19/19 MP: 1/5
   819 | D:1      | Reached XP level 3. HP: 24/24 MP: 3/6
   823 | D:1      | Learned a level 3 spell: Vampiric Draining
  1980 | D:2      | Gained mutation: You sometimes gain a little power by
                  | taking damage. [demonic ancestry]
  1980 | D:2      | Reached XP level 4. HP: 27/30 MP: 2/7
  2337 | D:3      | Slain by an ufetubus

Illustrated notes

Levels and vault maps discovered:
D:1:      minmay_arrival_diagonal_passages, layout_basic
D:2:      layout_basic, chequers_serial_rivers_small_3
D:3:      layout_loops_cross, uniq_crazy_yiuf_cottage

Skill      XL: |  1 |
---------------+----+-----
Stealth        | 2 |  2.6
Dodging        | 2 |  2.4
Spellcasting   | |  2.6
Necromancy     | |  4.9

Action                     |  1- 3 |  4- 6 || total
---------------------------+-------+-------++-------
  Melee: Unarmed           |    26 |       ||    26
         Short sword       |     6 |       ||     6
         Spear             |     9 |    14 ||    23
         Punch             |     1 |       ||     1
   Cast: Necrotise         |    66 |     7 ||    73
 Armour: Robe              |    33 |       ||    33
         Leather armour    |       |    34 ||    34
  Dodge: Dodged            |    39 |    42 ||    81
